 Dungeon Crawl Stone Soup version 0.29-a0-1033-gb6c65ffae6 (webtiles) character file.

Game seed: 18113836138683351204

1599 Sweeb the Cudgeller (level 8, -10/64 HPs)
             Began as a Demonspawn Monk on Aug 15, 2022.
             Was an Initiate of Ashenzari.
             Mangled by Menkaure (21 damage)
             ... on level 7 of the Dungeon.
             The game lasted 00:13:27 (7475 turns).

Sweeb the Cudgeller (Demonspawn Monk)               Turns: 7475, Time: 00:13:27

Health: -10/64     AC:  3    Str: 14    XL:     8   Next: 62%
Magic:  14/14      EV: 13    Int: 11    God:    Ashenzari [......]
Gold:   253        SH:  0    Dex: 19    Spells: 15/15 levels left

rFire   + + .      SeeInvis .   f - +2 dire flail (flame)
rCold   + . .      Faith    .   (shield currently unavailable)
rNeg    . . .      Spirit   .   q - +1 robe of Delicate the Leaf {rElec rF+ Str+3}
rPois   .          Reflect  .   (helmet restricted)
rElec   +          Harm     .   n - scarf "Prison of Ashenzari" {rC+ rF+, Cun, Elem} (curse)
rCorr   .          Rampage  .   (no gloves)
Will    .....                   (no boots)
Stlth   +++.......              (no amulet)
HPRegen 0.20/turn               (no ring)
MPRegen 0.14/turn               (no ring)

@: on berserk cooldown, hasted and slowed
A: horns 1, foul stench 1, powered by death 1
a: Renounce Religion, Curse Item, Shatter the Chains


You were on level 7 of the Dungeon.
You worshipped Ashenzari.
Ashenzari was noncommittal.
You visited 2 branches of the dungeon, and saw 8 of its levels.

You collected 253 gold pieces.

Inventory:

Hand Weapons
 a - a +0 mace
 f - a +2 dire flail of flaming (weapon)
Armour
 b - a +0 robe
 n - the cursed scarf "Prison of Ashenzari" (worn) {rC+ rF+, Cun, Elem}
   (You found it on level 2 of the Dungeon)

   It has a curse which improves the following skills: Cunning: Dodging and
   Stealth.
   Elements:  Fire Magic, Ice Magic, Air Magic and Earth Magic.
 q - the +1 robe of Delicate the Leaf (worn) {rElec rF+ Str+3}
   (You found it on level 5 of the Dungeon)

   Str:       It affects your strength (+3).
   rF:        It protects you from fire.
   rElec:     It insulates you from electricity.
Jewellery
 w - a ring of protection from fire
Wands
 t - a wand of paralysis (14)
 u - a wand of iceblast (9)
Scrolls
 j - 3 scrolls of teleportation
 v - a scroll of torment {unknown}
Potions
 c - a potion of ambrosia
 d - 2 potions of cancellation
 e - 3 potions of flight
 g - 2 potions of brilliance
 i - a potion of invisibility {unknown}
 l - a potion of magic {unknown}
 m - a potion of mutation {unknown}
 o - a potion of degeneration {unknown}
 p - a potion of heal wounds {unknown}
 r - a potion of berserk rage
 s - a potion of might {unknown}


   Skills:
 + Level 5.7 Fighting
 * Level 6.8 Maces & Flails
 - Level 2.6(3.0) Dodging
 + Level 5.1(5.5) Stealth
 + Level 4.2 Spellcasting


You had 15 spell levels left.
You didn't know any spells.
Your spell library contained the following spells:

 Spells                   Type           Power      Damage    Failure   Level
 Sandblast                Erth           4%         2d4       22%         1
 Magic Dart               Conj           8%         1d3       24%         1
 Sting                    Tmut/Pois      8%         1d3       24%         1
 Summon Small Mammal      Summ           8%         N/A       24%         1
 Blink                    Tloc           4%         N/A       34%         2
 Passwall                 Tmut/Erth      1%         N/A       34%         2
 Poisonous Vapours        Pois/Air       4%         N/A       34%         2
 Searing Ray              Conj           4%         2d4       34%         2
 Call Canine Familiar     Summ           2%         N/A       56%         3
 Lesser Beckoning         Tloc           2%         N/A       56%         3
 Stone Arrow              Conj/Erth      4%         3d7       56%         3
 Summon Guardian Golem    Hex/Summ       2%         N/A       56%         3
 Fulminant Prism          Conj/Hex       1%         3d6       93%         4
 Iskenderun's Mystic Bla  Conj/Tloc      2%         2d3       93%         4
 Olgreb's Toxic Radiance  Pois           2%         N/A       93%         4
 Summon Lightning Spire   Summ/Air       2%         N/A       93%         4
 Fireball                 Conj/Fire      1%         3d3       100%        5
 Iskenderun's Battlesphe  Conj           2%         2d6       100%        5
 Manifold Assault         Tloc           2%         N/A       100%        5
 Conjure Ball Lightning   Conj/Air       1%         3x3d6     100%        6
 Orb of Destruction       Conj           1%         9d5       100%        7


Dungeon Overview and Level Annotations

Branches:
Dungeon (7/15)             Temple (1/1) D:4

Altars:
Ashenzari
Cheibriados
Dithmenos
Fedhas
Gozag
Hepliaklqana
Kikubaaqudgha
Makhleb
Okawaru
Qazlal
Ru
Sif Muna
Trog
Uskayaw
Vehumet
Xom
Yredelemnul

Shops:
D:1 *=[

Annotations:
D:2 1 runed translucent door, Crazy Yiuf
D:4 2 transporters, FizzleBangTC's ghost, weakling GnFE
D:7 Menkaure


Innate Abilities, Weirdness & Mutations

You have a pair of small horns on your head.
You may rarely emit foul miasma when damaged in melee.
You regenerate a little health from kills.


Message History

* * * LOW HITPOINT WARNING * * *
Unknown command.
You are confused.
You feel invigorated.
You miss something. Something hits you but does no damage.
You hit something. You burn something.
Reactivating autopickup.
You feel a bit more experienced.
Things that are here:
a +0 spear; a +0 robe Menkaure calls on the powers of darkness!
Your body is wracked with pain!
* * * LOW HITPOINT WARNING * * *
Menkaure points at you and mumbles some strange words.
Pain shoots through your body!
* * * LOW HITPOINT WARNING * * *
A red film seems to cover your vision as you go berserk!
You feel yourself moving faster!
You feel mighty!
Menkaure calls on the powers of darkness!
Your body is wracked with pain!
* * * LOW HITPOINT WARNING * * *
You feel a strong urge to attack something.
You feel your anger nearly subside.
You are no longer berserk.
You are exhausted.
You feel yourself slow down.
You bump into the rock wall.
You feel less invigorated.
You feel less confused.
Menkaure gestures at you while chanting.
Pain shoots through your body!
* * * LOW HITPOINT WARNING * * *
Menkaure gestures ominously.
Menkaure hits you.
* * * LOW HITPOINT WARNING * * *
You puncture Menkaure! You burn Menkaure.
Menkaure is severely damaged.
Menkaure closely misses you.
You hit Menkaure but do no damage.
Menkaure is severely damaged.
Menkaure hits you!!
You die...

#.##.....######
#..#..........#
#####'#.........
#.......# ....
#.......###)####
#..............#
#.......)......#
#.......M......#
#).....)@......#
#####'##.......#
#.)..###'####
#...........#
#.)$).......#
###)#.......#
#[####'#### #..#
#.# ##.###.#


You could see Menkaure (fast).

Vanquished Creatures
  A wraith (D:7)
  An orc warrior (D:7)
  A sky beast (D:7)
  2 black bears (D:6)
  2 ogres (D:6)
  2 phantoms
  A bullfrog (D:6)
  A necrophage (D:6)
  2 scorpions (D:5)
  3 hounds
  2 jellies
  An orc priest (D:7)
  An iguana (D:4)
  Jessica (D:2)
  4 orc wizards
  5 adders
  3 gnolls (D:4)
  A shadow imp (D:6)
  2 white imps (D:6)
  3 ufetubi (D:6)
  2 worms (D:2)
  A dart slug (D:4)
  20 orcs
  7 bats
  6 endoplasms
  A giant cockroach (D:1)
  3 hobgoblins
  3 jackals (D:2)
  A quokka (D:3)
  9 ball pythons
  3 frilled lizards
  5 goblins
  8 kobolds
  2 rats
110 creatures vanquished.

Notes
Turn   | Place    | Note
-------+----------+-------------------------------------------
     0 | D:1      | Sweeb the Demonspawn Monk began the quest for the Orb.
     0 | D:1      | Reached XP level 1. HP: 18/18 MP: 1/1
   183 | D:1      | Found Ydoykum's Jewellery Boutique.
   475 | D:1      | Found Daicapta's General Store.
   670 | D:1      | Gained mutation: You have a pair of small horns on your
                  | head. [demonic ancestry]
   670 | D:1      | Reached XP level 2. HP: 12/24 MP: 2/2
   820 | D:1      | Found Sotsuhow's Armour Shop.
  1454 | D:2      | Reached skill level 3 in Maces & Flails
  1697 | D:2      | You fall into a shaft and drop 2 floors!
  1721 | D:4      | Reached XP level 3. HP: 6/29 MP: 4/4
  2177 | D:4      | Found a transporter.
  2179 | D:4      | Noticed FizzleBangTC's ghost (weakling GnFE)
  2229 | D:4      | Reached skill level 1 in Spellcasting
  2323 | D:4      | Reached XP level 4. HP: 4/35 MP: 5/5
  2419 | D:5      | Entered Level 5 of the Dungeon
  2855 | D:3      | Found a bloodstained altar of Trog.
  2864 | D:3      | Got the Almanac of the Aerial Jaunt
  3164 | D:3      | Found a hazy altar of Hepliaklqana.
  3472 | D:2      | Noticed Jessica
  3478 | D:2      | Killed Jessica
  3668 | D:2      | Found a faded altar of an unknown god.
  3875 | D:2      | Found a runed translucent door.
  3876 | D:2      | Noticed Crazy Yiuf
  3967 | D:2      | Gained mutation: You regenerate a little health from kills.
                  | [demonic ancestry]
  3967 | D:2      | Reached XP level 5. HP: 40/42 MP: 7/7
  4177 | D:4      | Reached skill level 4 in Maces & Flails
  4405 | D:4      | Found a transporter.
  4718 | D:4      | Found a staircase to the Ecumenical Temple.
  4727 | Temple   | Entered the Ecumenical Temple
  4982 | Temple   | Became a worshipper of Ashenzari the Shackled
  5022 | D:5      | Gained mutation: You may rarely emit foul miasma when
                  | damaged in melee. [demonic ancestry]
  5022 | D:5      | Reached XP level 6. HP: 43/48 MP: 9/9
  5109 | D:5      | Identified the +1 robe of Delicate the Leaf {rElec rF+
                  | Str+3}
  5132 | D:5      | Found a shadowy altar of Dithmenos.
  5735 | D:6      | Reached skill level 5 in Maces & Flails
  5735 | D:6      | Reached XP level 7. HP: 17/55 MP: 9/11
  6107 | D:6      | Found a burning altar of Makhleb.
  6408 | D:6      | Reached skill level 5 in Fighting
  6746 | D:6      | Reached skill level 6 in Maces & Flails
  6746 | D:6      | Reached XP level 8. HP: 62/62 MP: 13/13
  6747 | D:6      | Identified the +6 quarterstaff "Uluol" {venom, rCorr MP+9
                  | Stlth+}
  7427 | D:7      | Reached skill level 5 in Stealth
  7457 | D:7      | Noticed Menkaure
  7461 | D:7      | HP: 2/63 [something (3)]
  7475 | D:7      | Mangled by Menkaure

Illustrated notes

Levels and vault maps discovered:
D:1:      eino_arrival_water_star, layout_basic, serial_shops,
          nicolae_shop_crystal, nicolae_shop_advertising_works
          [nicolae_subvault_shop_adworks], shop, serial_park_tiny_pond,
          st_stairs_4, chequers_serial_rivers_room_a, chequers_jeans
D:2:      layout_loops_cross, ebering_ecumenical_altar_mist,
          uniq_crazy_yiuf_cottage, uniq_jessica
D:3:      layout_loops_ring, mainiacjoe_overflow_six_doors_small, zin_statuary,
          nzn_hepliaklqana_mist_gate, mainiacjoe_overflow_brackets
D:4:      layout_loops_ring, lemuel_temple_firewalk_b,
          gammafunk_ghost_stat_death, wad_floor_pattern_2
D:5:      layout_cave_pods, mainiacjoe_overflow_surrounded_room
D:6:      layout_cave_pools, mainiacjoe_overflow_paths,
          chequers_serial_rivers_marsh
D:7:      layout_basic, serial_shops, nicolae_shop_competitors_out_of_business,
          nicolae_stop_n_shop_1, uniq_menkaure
Temple:   minmay_temple_curvy_branch

Skill      XL: |  1  2  3  4  5  6  7  8 |
---------------+-------------------------+-----
Stealth        | 2 3 4 5 |  5.1
Maces & Flails | 3 4 5 6 |  6.8
Spellcasting   | 1 2 3 4 |  4.2
Fighting       | 4 5 |  5.7
Dodging        | |  2.6

Action                   |  1- 3 |  4- 6 |  7- 9 || total
-------------------------+-------+-------+-------++-------
Melee: Dire flail        |    80 |   108 |   109 ||   297
       Mace              |     2 |       |       ||     2
       Headbutt          |     7 |    23 |    25 ||    55
Invok: Curse Item        |       |     1 |       ||     1
  Use: Scroll            |     3 |     5 |     4 ||    12
       Potion            |     1 |       |     6 ||     7
 Stab: Sleeping          |     4 |    10 |     1 ||    15
       Distracted        |       |       |     1 ||     1
Armor: Robe              |    17 |    19 |    15 ||    51
Dodge: Dodged            |    62 |    73 |    76 ||   211

Table legend: (Time is in decaauts)
 A = Elapsed time spent in this place.
 B = Non-inter-level travel time spent in this place.
 C = Inter-level travel time spent in this place.
 D = Time resting spent in this place.
 E = Time spent auto-exploring this place.
 F = Levels seen in this place.
 G = Mean time per level.
                   A        B        C        D        E       F      G
               +--------+--------+--------+--------+--------+-----+--------+
         Total |   7500 |   7269 |    231 |   1696 |   4451 |   8 |  937.5 |
       Dungeon |   7234 |   7025 |    209 |   1696 |   4207 |   7 | 1033.4 |
        Temple |    266 |    245 |     21 |      0 |    244 |   1 |  266.0 |
               +--------+--------+--------+--------+--------+-----+--------+

Top non-repeatable levels by time:
     D:4: 1363 daAuts
     D:1: 1345 daAuts
     D:5: 1154 daAuts
     D:2: 1097 daAuts
     D:6: 933 daAuts
     D:3: 778 daAuts
     D:7: 561 daAuts
  Temple: 266 daAuts
